 Dungeon Crawl Stone Soup version 0.20-a0-470-gbb038bd (webtiles) character file.

75 syzygy the Charmwright (level 4, -5/35 HPs)
             Began as a Human Skald on Jan 13, 2017.
             Was an Initiate of Okawaru.
             Slain by a worm (10 damage)
             ... on level 2 of the Dungeon.
             The game lasted 00:04:07 (1805 turns).

syzygy the Charmwright (Human Skald)                Turns: 1805, Time: 00:04:08

Health: -5/35      AC:  6    Str: 13    XL:     4   Next: 55%
Magic:  7/7        EV: 11    Int: 13    God:    Okawaru [......]
Gold:   103        SH:  0    Dex: 12    Spells: 6/7 levels left

rFire  . . .     SeeInvis .     a - +0 falchion
rCold  . . .     Gourm    .     t - +0 ring mail
rNeg   . . .     Faith    .     (no shield)
rPois  .         Spirit   .     m - +0 helmet
rElec  .         Reflect  .     (no cloak)
rCorr  .         Harm     .     (no gloves)
MR     .....                    (no boots)
Stlth  +.........               (no amulet)
                                (no ring)
                                s - ring of wizardry

@: no status effects
A: no striking features
a: Renounce Religion


You were on level 2 of the Dungeon.
You worshipped Okawaru.
Okawaru was noncommittal.
You were not hungry.

You visited 1 branch of the dungeon, and saw 3 of its levels.

You collected 103 gold pieces.

Inventory:

Hand Weapons
 a - a +0 falchion (weapon)
Armour
 b - a +0 leather armour
 m - a +0 helmet (worn)
 t - a +0 ring mail (worn)
Jewellery
 s - a ring of wizardry (left hand)
Scrolls
 e - a scroll of teleportation {unknown}
 f - a scroll of recharging {unknown}
 g - a scroll of immolation {unknown}
 i - 2 scrolls of noise {unknown}
 j - a scroll of amnesia {unknown}
 p - a scroll of remove curse {unknown}
 q - a scroll of fog {unknown}
 u - 2 scrolls of identify {unknown}
Potions
 h - a potion of might {unknown}
 k - a potion of curing {unknown}
 l - a potion of haste {unknown}
 n - 2 potions of heal wounds
 o - a potion of ambrosia {unknown}
 r - a potion of magic {unknown}
 v - a potion of cancellation {unknown}
 x - a potion of lignification {unknown}
Books
 c - a book of Battle

   Spells                             Type                      Level
   a - Infusion                       Charms                       1
   b - Shroud of Golubria             Charms/Translocation         2
   c - Song of Slaying                Charms                       2
   d - Spectral Weapon                Hexes/Charms                 3
   e - Regeneration                   Charms/Necromancy            3
Comestibles
 d - a bread ration


   Skills:
 + Level 3.0 Fighting
 + Level 2.7 Long Blades
 + Level 1.9 Armour
 - Level 2.0 Dodging
 - Level 2.0 Spellcasting
 - Level 3.0 Charms
 + Level 1.6 Invocations


You had 6 spell levels left.
You knew the following spells:

 Your Spells              Type           Power        Failure   Level  Hunger
a - Infusion              Chrm           #...         7%          1    ##.....


Dungeon Overview and Level Annotations

Branches:
Dungeon (3/15)

Altars:
Okawaru

Annotations:
D:3 Dharzhak's ghost, amateur MiFi


Message History

There is a stone staircase leading down here.
You climb downwards.
A rat and a player ghost come into view.
Dharzhak's ghost turns its malevolent gaze towards you.
You hear an angry hiss.
You hear a shout!
Found a stone staircase leading down.
There is a stone staircase leading up here.
You climb upwards.
There is a stone staircase leading down here.
There is an open door here.
The worm misses you.
You barely miss the worm. You hit the worm.
The worm is lightly wounded.
The worm bites you!
* * * LOW HITPOINT WARNING * * *
You hit the worm.
The worm is moderately wounded.
The worm bites you!
You die...

#...##........#..##+###w...#...#
##...##...#....##.##.#
#....#...#
##...##...#........#.#
#.........
##...##...#........#.#
#........[
##...##...#..........#
#.........
##...##...#.......#..#
#........†
##...##...######'##..#
#####..... ##...##...# #w##..#
#..... ###...'...# #@##.>#
#..... ###...#)..#### #.#####
#..... ......#.##...# #.# ######
####.##.##.#.###.# #
####.##.#.....# #....#######
######


You could see a worm.

Vanquished Creatures
  2 adders (D:2)
  2 dart slugs (D:1)
  2 leopard geckos (D:1)
  4 giant cockroaches
  11 goblins
  6 hobgoblins
  5 jackals (D:2)
  2 bats (D:1)
  5 frilled lizards
  7 rats
46 creatures vanquished.

Notes
Turn   | Place    | Note
-------+----------+-------------------------------------------
     0 | D:1      | syzygy the Human Skald began the quest for the Orb.
     0 | D:1      | Reached XP level 1. HP: 16/16 MP: 3/3
    55 | D:1      | Reached XP level 2. HP: 17/23 MP: 5/5
   167 | D:1      | Found an iron altar of Okawaru.
   181 | D:1      | Became a worshipper of Warmaster Okawaru
   460 | D:1      | Reached XP level 3. HP: 21/28 MP: 6/6
   471 | D:1      | Reached skill level 1 in Invocations
  1139 | D:2      | Reached XP level 4. HP: 26/34 MP: 7/7
  1787 | D:3      | Noticed Dharzhak's ghost (amateur MiFi)
  1805 | D:2      | Slain by a worm

Vault maps used:
D:1:      saegor_arrival_simple_b, minmay_misc_feat_encased, minmay_hexomino_r4
D:2:      minmay_joined_circles
D:3:      nicolae_qazlal_general_emergency

Skill      XL: |  1  2  3  4 |
---------------+-------------+-----
Invocations    | 1 |  1.6
Fighting       | 3 |  3.0
Long Blades    | |  2.7
Armour         | |  1.9
Dodging        | |  2.0
Spellcasting   | |  2.0
Charms         | |  3.0

Action                   |  1- 3 |  4- 6 || total
-------------------------+-------+-------++-------
Melee: Falchion          |    92 |    77 ||   169
  Use: Potion            |     1 |       ||     1
  Eat: Chunk             |     1 |     2 ||     3
Armor: Leather armour    |    29 |     8 ||    37
       Ring mail         |       |    36 ||    36
Dodge: Dodged            |    82 |    67 ||   149
       Rpst.: Falchion   |    27 |    10 ||    37
